 Dungeon Crawl Stone Soup version 0.15-b1-55-g17c0860 (webtiles) character file.

8274 Eradicator the Reanimator (level 11, -4/68 HPs)
             Began as a Mummy Necromancer on Aug 10, 2014.
             Was a Believer of Kikubaaqudgha.
             Slain by a vampire knight
             ... wielding a +0 war axe
              (11 damage)
             ... on Level 11 of the Dungeon.
             The game lasted 02:35:48 (15562 turns).

Eradicator the Reanimator (Mummy Necromancer)      Turns: 15562, Time: 02:35:48

HP  -4/68        AC  9     Str 13      XL: 11   Next:  7%
MP  26/29        EV 14     Int 26      God: Kikubaaqudgha [**....]
Gold 630         SH  0     Dex 12      Spells:  6 memorised,  5 levels left

rFire  x . .     SeeInvis .     L - +3 dagger (freeze) (curse)
rCold  + . .     Clarity  .     h - +2 robe {MR+}
rNeg   + + +     rCorr    .     (no shield)
rPois  +         rRot     +     (no helmet)
rElec  .         Spirit   .     w - +0 cloak
SustAb .         Warding  .     D - +0 pair of gloves
rMut   .         Stasis   .     B - +2 pair of boots of Cheibriados' Supremacy {Str+2 Int+3 Stlth+}
Gourm  .                        r - amulet of faith
MR     ++...                    o - +3 ring of slaying
                                x - +6 ring of intelligence

@: very resistant to hostile enchantments, fairly stealthy
A: no food or potions, fire vulnerability, restore body, cold resistance 1,
negative energy resistance 3, poison resistance, torment resistance, unbreathing
a: Receive Corpses, Renounce Religion


You were on level 11 of the Dungeon.
You worshipped Kikubaaqudgha.
Kikubaaqudgha was pleased with you.
You were not hungry.

You visited 2 branches of the dungeon, and saw 12 of its levels.

You collected 630 gold pieces.

Inventory:

Hand weapons
 f - a +2 hand axe of venom
 y - a +0 shortbow
 C - a +2 short sword of speed
 J - a +3 flail
 L - a cursed +3 dagger of freezing (weapon)
 M - a +2 war axe
Missiles
 s - 38 arrows of flame (quivered)
 z - 7 arrows of frost
Armour
 h - a +2 robe of magic resistance (worn)
 t - a +0 leather armour of cold resistance
 w - a +0 cloak (worn)
 B - the +2 pair of boots of Cheibriados' Supremacy (worn) {Str+2 Int+3 Stlth+}
   (You found it on level 5 of the Dungeon)

   It affects your strength (+2).
   It affects your intelligence (+3).
   It makes you more stealthy.
 D - a +0 pair of gloves (worn)
Magical devices
 i - a wand of slowing (14)
 u - a wand of confusion (0)
Scrolls
 a - 3 scrolls of remove curse
 c - 3 scrolls of fog {unknown}
 d - 17 scrolls of identify {unknown}
 e - 3 scrolls of recharging {unknown}
 j - 7 scrolls of teleportation {unknown}
 l - 2 scrolls of noise {unknown}
 n - 4 scrolls of enchant weapon {unknown}
 p - 2 scrolls of magic mapping {unknown}
 v - a scroll of random uselessness {unknown}
 A - a scroll of summoning {unknown}
 E - a scroll of enchant armour {unknown}
 F - 2 scrolls of amnesia {unknown}
 K - a scroll of blinking {unknown}
Jewellery
 o - a +3 ring of slaying (right hand)
 r - an amulet of faith (around neck)
 x - a +6 ring of intelligence (left hand)
 I - an uncursed amulet of resist corrosion {unknown}
Potions
 g - a potion of curing {unknown}
 k - a potion of might {unknown}
 m - a potion of flight {unknown}
Books
 b - a book of Necromancy

   Spells                             Type                      Level
   *Pain                              Necromancy                   1
   Animate Skeleton                   Necromancy                   1
   *Vampiric Draining                 Necromancy                   3
   Regeneration                       Charms/Necromancy            3
   *Animate Dead                      Necromancy                   4
   *Control Undead                    Necromancy                   4
 q - a book of Alchemy

   Spells                             Type                      Level
   Sublimation of Blood               Necromancy                   2
   Alistair's Intoxication            Transmutation/Poison         4
   Condensation Shield                Ice                          4
   Petrify                            Transmutation/Earth          4
   Ignite Poison                      Fire/Transmutation           5
 G - Kikubaaqudgha's Grimoire of Evil Arts
   (Kikubaaqudgha gifted it to you on level 7 of the Dungeon)

   Spells                             Type                      Level
   Animate Skeleton                   Necromancy                   1
   *Pain                              Necromancy                   1
   Corpse Rot                         Necromancy                   2
   *Vampiric Draining                 Necromancy                   3
   *Control Undead                    Necromancy                   4
 H - a Young Poisoner's Handbook

   Spells                             Type                      Level
   Sting                              Conjuration/Poison           1
   Cure Poison                        Poison                       2
   Mephitic Cloud                     Conjuration/Poison/Air       3
   Olgreb's Toxic Radiance            Poison                       4
   Venom Bolt                         Conjuration/Poison           5
 O - Kikubaaqudgha's Tome of Darkness
   (Kikubaaqudgha gifted it to you on level 10 of the Dungeon)

   Spells                             Type                      Level
   *Animate Dead                      Necromancy                   4
   Excruciating Wounds                Charms/Necromancy            5
   *Dispel Undead                     Necromancy                   5
   Simulacrum                         Ice/Necromancy               6
   *Death Channel                     Necromancy                   6
Magical staves
 N - an uncursed staff of poison


   Skills:
 - Level 0.1 Short Blades
 - Level 0.2 Bows
 - Level 1.7 Armour
 + Level 5.9 Dodging
 - Level 1.6 Stealth
 - Level 9.4 Spellcasting
 * Level 12.3 Necromancy


You had 5 spell levels left.
You knew the following spells:

 Your Spells              Type           Power        Failure   Level  Hunger
a - Pain                  Necr           ####         1%          1    N/A
b - Vampiric Draining     Necr           ######....   1%          3    N/A
c - Animate Dead          Necr           N/A          1%          4    N/A
d - Control Undead        Necr           ######....   1%          4    N/A
e - Dispel Undead         Necr           ######..     1%          5    N/A
f - Death Channel         Necr           ######....   6%          6    N/A

Dungeon Overview and Level Annotations

Branches:
Dungeon (11/15)            Temple (1/1) D:6            Lair (0/8) D:8
    Orc: D:9-12

Altars:
Elyvilon
Kikubaaqudgha
Makhleb
Nemelex Xobeh
Okawaru
Qazlal
Vehumet
Xom

Shops:
D:10 =

Annotations:
D:9 Joseph


Innate Abilities, Weirdness & Mutations

You do not eat or drink.
Your flesh is vulnerable to fire.
Your flesh is cold resistant.
You are immune to negative energy.
Your system is resistant to poisons.
You are immune to unholy pain and torment.
You can survive without breathing.


Message History

The floor.
Press: ? - help, v - describe, . - travel
Here: a spectral putrid demonspawn (moderately damaged, summoned)
The floor.
The spectral ogre hits your troll zombie but does no damage.
Something hits the spectral ogre.
Your orc zombie hits the spectral putrid demonspawn but does no damage.
Your troll zombie bites the spectral ogre.
Your troll zombie claws the spectral ogre.
Your troll zombie claws the spectral ogre!
The spectral ogre is destroyed!
The spectral putrid demonspawn hits your tengu zombie!
The spectral putrid demonspawn fades away!
You hear some strange, mumbled words.
Something tries to affect you, but you resist.
You hear some strange, mumbled words.
Something tries to affect you, but you resist.
Something hits you!
You die...
Kikubaaqudgha rasps: "You have failed me!
Welcome... oblivion!"

#....Z.##..!.#
#......##+#####
#####.Z.......#...
#.........'...
#####...###### +#
#####...# ..... #.......#
...... #.......+ ......
#####@#####+#......
#..................'
####.....Z............#
................####+###'
................#...<....
###+####+###....#........
..(....'..Z.'........
.......#....#......##
#.###+#...Z#+##..##


You could see a friendly tengu zombie.

Vanquished Creatures
  2 ugly things
  A two-headed ogre (D:9)
  A yak (D:8)
  A hill giant zombie (D:10)
  A deep elf mage (D:10)
  A wyvern (D:8)
  Edmund (D:4)
  A hippogriff (D:10)
  A water moccasin (D:8)
  An orc warrior (D:9)
  2 sky beasts
  2 ice beasts
  2 phantoms
  A necrophage (D:7)
  2 ogres
  4 centaurs
  4 giant frogs
  5 scorpions
  A wight (D:8)
  13 killer bees
  A goliath beetle (D:6)
  2 orc priests
  3 hounds
  3 jellies
  A gnoll shaman (D:5)
  3 iguanas
  7 orc wizards
  7 worker ants
  A crocodile skeleton (D:9)
  A hound zombie (D:8)
  9 adders
  9 gnolls
  A shadow imp (D:10)
  An orc skeleton (D:6)
  3 worms
  10 giant geckos
  2 oozes
  32 orcs
  16 bats
  A bat zombie (D:7)
  6 giant cockroaches
  19 hobgoblins
  10 jackals
  A quokka (D:10)
  4 giant newts
  11 goblins
  A hobgoblin skeleton (D:4)
  12 kobolds
  12 rats
  6 ballistomycetes (D:6)
242 creatures vanquished.

Vanquished Creatures (collateral kills)
  Erolcha (D:9)
  2 hill giants
  The ghost of N0Skill the Ruinous, an experienced OpWz of Vehumet (D:7)
  A two-headed ogre (D:10)
  A gargoyle (D:10)
  A fire drake (D:8)
  A troll (D:11)
  Prince Ribbit (D:8)
  2 wyverns
  A deep elf mage (D:10)
  3 yaks (D:8)
  A hippogriff (D:7)
  A hungry ghost (D:7)
  An ice beast (D:7)
  A sky beast (D:8)
  2 phantoms
  A centaur (D:8)
  An ogre (D:8)
  2 giant frogs
  4 wights (D:8)
  A spectral ogre (D:11)
  2 killer bees (D:8)
  3 jellies
  A quasit (D:11)
  3 orc wizards
  2 orc priests
  2 iguanas
  A mummy (D:8)
  3 gnolls (D:3)
  5 adders
  A white imp (D:7)
  A worm (D:4)
  An orc skeleton (D:8)
  7 orcs
  A bat skeleton (D:6)
  4 goblins
  2 hobgoblins (D:5)
  3 bats (D:3)
  4 giant cockroaches
  A giant gecko skeleton (D:4)
  A giant newt (D:3)
  2 goblin zombies (D:5)
  A hobgoblin zombie (D:9)
  4 rats
  A plant (D:4)
86 creatures vanquished.

Vanquished Creatures (others)
  A hill giant zombie (D:10)
  A manticore zombie (D:10)
  2 wyvern zombies
  A water moccasin zombie (D:8)
  An elf skeleton (D:7)
  A hippogriff zombie (D:10)
  A yak zombie (D:8)
  2 giant frog zombies
  3 centaur zombies
  A black bear zombie (D:10)
  An elf zombie (D:10)
  7 killer bee zombies
  2 ogre zombies
  2 dwarf skeletons (D:7)
  A hound zombie (D:9)
  2 worker ant zombies
  4 scorpion zombies
  7 adder zombies
  A gnoll zombie (D:5)
  An iguana skeleton (D:8)
  An iguana zombie (D:7)
  A giant gecko (D:6)
  4 orcs (D:6)
  4 bat zombies
  2 gnoll skeletons (D:5)
  6 giant cockroach zombies
  A giant gecko zombie (D:7)
  A giant spore (D:6)
  4 goblin zombies
  4 hobgoblin zombies
  4 jackal zombies
  4 kobold zombies
  12 orc zombies
  A quokka zombie (D:10)
  6 rat zombies
  A bush (D:8)
98 creatures vanquished.

Grand Total: 426 creatures vanquished

Notes
Turn   | Place    | Note
--------------------------------------------------------------
     0 | D:1      | Eradicator, the Mummy Necromancer, began the quest for the Orb.
     0 | D:1      | Reached XP level 1. HP: 13/13 MP: 3/3
   368 | D:1      | Reached XP level 2. HP: 14/19 MP: 0/4
  1317 | D:1      | Reached XP level 3. HP: 24/24 MP: 0/6
  1527 | D:1      | Learned a level 3 spell: Vampiric Draining
  1878 | D:2      | Found a stormy altar of Qazlal.
  1880 | D:2      | Noticed a fire elemental
  1884 | D:2      | Noticed a water elemental
  2002 | D:2      | Found a burning altar of Makhleb.
  2471 | D:2      | Noticed an air elemental
  2471 | D:2      | Noticed an earth elemental
  2549 | D:3      | Reached skill level 5 in Necromancy
  2549 | D:3      | Reached XP level 4. HP: 26/30 MP: 4/8
  3134 | D:3      | Found a shimmering altar of Xom.
  3134 | D:3      | Found a white marble altar of Elyvilon.
  3135 | D:3      | Found an iron altar of Okawaru.
  3306 | D:3      | Reached XP level 5. HP: 24/35 MP: 2/11
  3471 | D:3      | Learned a level 4 spell: Animate Dead
  3581 | D:3      | Reached skill level 6 in Necromancy
  3900 | D:3      | Found a sparkling altar of Nemelex Xobeh.
  4023 | D:3      | Reached XP level 6. HP: 18/41 MP: 4/13
  4817 | D:4      | Reached skill level 7 in Necromancy
  4915 | D:4      | Noticed Edmund
  4963 | D:4      | Killed Edmund
  4963 | D:4      | Reached XP level 7. HP: 46/46 MP: 9/17
  5322 | D:5      | Entered Level 5 of the Dungeon
  5863 | D:5      | Reached skill level 5 in Spellcasting
  6101 | D:5      | Reached skill level 8 in Necromancy
  6466 | D:5      | Got a pair of pitted boots
  6473 | D:5      | Identified the cursed +2 pair of boots of Cheibriados' Supremacy {Str+2 Int+3 Stlth+} (You found it on level 5 of the Dungeon)
  6610 | D:5      | Reached XP level 8. HP: 47/52 MP: 11/20
  7882 | D:6      | Found a staircase to the Ecumenical Temple.
  7892 | Temple   | Entered the Ecumenical Temple
  7908 | Temple   | Became a worshipper of Kikubaaqudgha
  8304 | D:7      | Reached skill level 9 in Necromancy
  8342 | D:7      | Noticed N0Skill's ghost (experienced OpWz)
  8520 | D:7      | Reached skill level 1 in Armour
  8520 | D:7      | Killed N0Skill's ghost
  8788 | D:7      | Reached skill level 10 in Necromancy
  9299 | D:7      | Acquired Kikubaaqudgha's first power
  9299 | D:7      | Received a gift from Kikubaaqudgha
  9302 | D:7      | Identified Kikubaaqudgha's Grimoire of Evil Arts (Kikubaaqudgha gifted it to you on level 7 of the Dungeon)
  9325 | D:7      | Reached XP level 9. HP: 57/57 MP: 10/23
  9960 | D:8      | Found a staircase to the Lair.
  9960 | D:8      | Noticed a fire drake
  9970 | D:8      | Killed a fire drake
 10399 | D:8      | Found a sparkling altar of Nemelex Xobeh.
 10470 | D:8      | Reached skill level 11 in Necromancy
 10512 | D:8      | haha
 10580 | D:8      | Acquired Kikubaaqudgha's second power
 10805 | D:8      | Learned a level 4 spell: Control Undead
 11007 | D:9      | Noticed Prince Ribbit
 11041 | D:9      | Noticed Erolcha
 11224 | D:8      | Reached XP level 10. HP: 44/63 MP: 19/26
 11230 | D:8      | Killed Prince Ribbit
 11322 | D:8      | Noticed a hill giant
 11331 | D:8      | Killed a hill giant
 11577 | D:9      | Killed Erolcha
 11718 | D:9      | Found a sparkling altar of Nemelex Xobeh.
 11960 | D:9      | Noticed Joseph
 12599 | D:10     | Entered Level 10 of the Dungeon
 12608 | D:10     | Found Twysur Teschi's Jewellery Boutique.
 12946 | D:10     | Noticed a hill giant
 13220 | D:9      | Reached skill level 5 in Dodging
 13871 | D:10     | Killed a hill giant
 13960 | D:10     | Reached skill level 12 in Necromancy
 14492 | D:10     | Noticed a green ugly thing
 14542 | D:10     | Killed a green ugly thing
 14770 | D:10     | Received a gift from Kikubaaqudgha
 14774 | D:10     | Identified Kikubaaqudgha's Tome of Darkness (Kikubaaqudgha gifted it to you on level 10 of the Dungeon)
 14781 | D:10     | Learned a level 5 spell: Dispel Undead
 14788 | D:10     | Learned a level 6 spell: Death Channel
 14972 | D:11     | Reached XP level 11. HP: 64/68 MP: 3/29
 15178 | D:11     | Noticed a brown ugly thing
 15236 | D:11     | Killed a brown ugly thing
 15328 | D:11     | Noticed a vampire knight
 15328 | D:11     | Noticed a deep troll
 15544 | D:11     | Noticed a ghost crab
 15544 | D:11     | a deep troll changed into a ghost crab
 15548 | D:11     | a ghost crab changed into a manticore
 15562 | D:11     | Slain by a vampire knight

Action                   |  1- 3 |  4- 6 |  7- 9 | 10-12 || total
-------------------------+-------+-------+-------+-------++-------
Melee: Unarmed           |    35 |     9 |       |       ||    44
       Spear             |       |     2 |       |       ||     2
       Short sword       |       |       |    77 |       ||    77
       War axe           |       |       |     8 |    12 ||    20
       Staff             |       |       |       |     8 ||     8
       Dagger            |       |       |       |     9 ||     9
 Fire: Shortbow          |       |       |     6 |       ||     6
 Cast: Pain              |    90 |   128 |   266 |   198 ||   682
       Vampiric Draining |     1 |     1 |    16 |    23 ||    41
       Animate Dead      |       |    13 |    51 |    34 ||    98
       Control Undead    |       |       |     1 |       ||     1
       Death Channel     |       |       |       |     4 ||     4
       Dispel Undead     |       |       |       |     4 ||     4
Invok: Receive Corpses   |       |       |       |     8 ||     8
Evoke: Wand              |       |       |     1 |     2 ||     3
  Use: Scroll            |     1 |       |     2 |     1 ||     4
 Stab: Distracted        |       |     1 |     1 |       ||     2
